Map: Pillars of Gold LE

Players

Technology

  • Race: Terran Terran
  • League: Platinum
  • Spawn Location: 1:00

NotPewPewPew - Winner!

  • Race: Zerg Zerg
  • Spawn Location: 7:00

VOD

Have the link to the VOD?

Description

Time

  • Played on: Sept. 16, 2020, 8:35 p.m.
  • Length: 8:56
Show
View Real Time Build Order
Export as new Build Order

Technology Terran 

Build Orders: Reaper Expand 

Get SALT Encoding   

  12  0:00  SCV  
  13  0:12  SCV  
  14  0:18  Supply Depot  
  14  0:24  SCV  
  15  0:40  Barracks, SCV  
  16  0:45  Refinery  
  16  0:52  SCV  
  17  1:04  SCV  
  18  1:16  SCV  
  19  1:28  Reaper  
  19  1:29  Orbital Command  
  20  1:43  Command Center  
  20  1:56  SCV  
  20  2:01  Barracks Reactor  
  21  2:02  Supply Depot  
  21  2:08  SCV  
  21  2:11  Barracks  
  22  2:23  Factory  
  22  2:26  Refinery  
  22  2:27  SCV  
  23  2:40  Marine x2  
  23  2:42  SCV  
  26  2:55  SCV  
  26  2:56  Orbital Command  
  26  2:58  Barracks Tech Lab, Marine x2  
  29  3:07  SCV  
  29  3:12  Starport  
  30  3:14  Factory Reactor  
  30  3:17  Marine  
  30  3:19  Marine  
  32  3:22  SCV  
  32  3:24  SCV  
  34  3:30  Stimpack  
  34  3:32  Marine  
  35  3:38  Supply Depot  
  35  3:39  SCV  
  35  3:40  SCV  
  37  3:43  Marine  
  37  3:44  Marine  
  39  3:49  Medivac  
  39  3:53  SCV x2  
  43  3:58  Hellion  
  43  4:00  Hellion  
  43  4:02  Marine  
  48  4:04  Marine  
  48  4:05  Marine  
  48  4:07  SCV  
  51  4:12  Supply Depot  
  51  4:14  SCV  
  52  4:20  Supply Depot  
  52  4:22  Medivac  
  54  4:30  Armory  
  54  4:33  Marine x2  
  54  4:34  Hellion  
  58  4:43  Supply Depot  
  60  4:45  Hellion  
  60  4:46  Supply Depot  
  60  4:47  Marine  
  60  4:51  Marine  
  62  4:54  Starport Reactor  
  62  4:55  Marine  
  63  5:04  SCV  
  63  5:05  Marine  
  63  5:06  SCV  
  66  5:09  Marine, Combat Shield  
  66  5:13  Marine  
  68  5:20  Hellion x2  
  72  5:21  SCV  
  72  5:22  SCV  
  74  5:37  Marine x2  
  74  5:38  SCV x2  
  78  5:43  Command Center  
  78  5:45  Marine  
  79  5:55  Marine  
  74  6:03  Marine  
  70  6:09  Marauder  
  70  6:25  Bunker  
  70  6:31  Marauder  
  72  6:37  Marine x2  
  74  6:41  SCV x2  
  76  6:53  Medivac x2, SCV x2  
  82  6:59  Barracks  
  82  7:00  Barracks  
  82  7:04  Barracks, Marine x3, Engineering Bay  
  82  7:05  Engineering Bay  
  85  7:13  SCV x2  
  87  7:39  Orbital Command  
  87  7:40  Marine x3  
  87  7:44  Medivac x2  
  94  7:52  Barracks Tech Lab  
  94  7:53  Barracks Reactor  
  94  7:57  Marine, Factory Tech Lab  
  94  7:58  Marine x3  
  95  7:59  Marine  
  95  8:02  SCV x2  
  96  8:14  SCV  
Show
View Real Time Build Order
Export as new Build Order

NotPewPewPew Zerg - Winner!

Build Orders: Hatch First 

Get SALT Encoding   

  12  0:04  Drone  
  13  0:13  Overlord  
  13  0:21  Drone  
  14  0:33  Drone x2  
  16  0:51  Hatchery  
  16  0:55  Drone  
  16  0:59  Drone  
  16  1:02  Drone  
  18  1:12  Extractor  
  18  1:17  Spawning Pool  
  16  1:22  Drone  
  16  1:25  Drone  
  18  1:32  Drone  
  19  1:49  Drone  
  19  1:53  Overlord  
  20  2:04  Queen x2  
  20  2:05  Zergling x4  
  26  2:17  Metabolic Boost  
  26  2:19  Drone x2  
  28  2:29  Drone  
  30  2:30  Drone  
  30  2:41  Hatchery  
  29  2:50  Drone x3  
  32  2:55  Queen  
  32  2:58  Overlord  
  34  3:02  Drone  
  34  3:03  Drone  
  36  3:12  Overlord  
  36  3:18  Drone x3  
  39  3:20  Drone x3  
  39  3:22  Drone  
  43  3:35  Queen x2  
  43  3:41  Drone x4  
  51  3:45  Overlord  
  51  3:58  Drone x7  
  51  4:00  Overlord  
  58  4:04  Overlord  
  58  4:12  Overlord  
  58  4:19  Queen x3  
  64  4:31  Roach Warren  
  64  4:34  Spore Crawler x2  
  64  4:35  Spore Crawler  
  60  4:47  Zergling x24  
  60  4:48  Zergling x2  
  73  5:03  Extractor  
  73  5:05  Extractor x2, Lair  
  70  5:17  Overlord x4  
  70  5:24  Roach x5  
  80  5:30  Roach x3  
  86  5:39  Roach x4  
  94  5:56  Roach  
  96  5:57  Roach x5  
  93  6:08  Roach x3  
  93  6:09  Roach x2  
  103  6:17  Glial Reconstitution  
  103  6:20  Overlord x2  
  103  6:21  Overlord  
  103  6:39  Roach x6  
  115  6:53  Overseer  
  115  7:04  Roach x7  
  133  7:08  Roach x2  
  133  7:29  Roach x5  
  145  7:30  Roach  
  144  7:45  Overlord x3  
  144  8:03  Roach x9  
  160  8:18  Roach  
  160  8:19  Roach x4  
Tags
 
Add a new tag
Caveats
  • Supply blocks, unpowered buildings, or Contaminate may cause inaccurate times.
  • Supply counts are checked every 10 seconds.